[ AOE2 MATCH · #506081789 ]
UnrankedLithuanians vs Tatars
Rival team · LOSS
[ REPLAY ANALYSIS · EXTRACTED FROM THE RECORDED GAME ]
Feudal
8:56
Castle
21:05
Imperial
39:23
| APM avg | 54.2 |
| APM peak | 82 |
| eAPM avg | 37.7 |
| Villagers / military | 187 / 484 |
Focus
⚔️ 41.6% · 🌾 58.4%
Skirmisher ×201 · Scout Cavalry ×170 · Knight ×60 · Archer ×20 · Hand Cannoneer ×19 · Mangonel ×6
Feudal
10:10
Castle
21:20
Imperial
39:26
| APM avg | 63.1 |
| APM peak | 95 |
| eAPM avg | 28.6 |
| Villagers / military | 199 / 298 |
Focus
⚔️ 38.2% · 🌾 61.8%
Cavalry Archer ×88 · Camel Scout ×85 · Scout Cavalry ×72 · Knight ×13 · Monk ×11 · Skirmisher ×10
Match map
Initial resources + every placement click. Lines = walls · curves = elevation contours. ◆ gold · ⬟ stone · ● berries · ✦ relic · ◌ wall gap
Your base· Open — opponent sealed themselves in
Coke's base· ✓ Closed at 21:20 · 42t walls · 1 gate(s)
Smoothed initial terrain · ◌ = detected wall gap · hover for details
Inputs per minute
— Archanger - - Coke
Build order — Archanger
First 150 of 926 actions detected
| 0:01 | Queue | Villager (Male) |
| 0:01 | Queue | Villager (Male) |
| 0:02 | Build | House |
| 0:03 | Build | House |
| 0:06 | Queue | Villager (Male) |
| 0:06 | Queue | Villager (Male) |
| 0:15 | Queue | Villager (Male) |
| 0:16 | Queue | Villager (Male) |
| 1:24 | Queue | Villager (Male) |
| 1:57 | Build | Lumber Camp |
| 2:05 | Queue | Villager (Male) |
| 2:18 | Queue | Villager (Male) |
| 2:19 | Queue | Villager (Male) |
| 2:46 | Queue | Villager (Male) |
| 3:05 | Queue | Villager (Male) |
| 3:21 | Build | House |
| 3:32 | Queue | Villager (Male) |
| 3:45 | Queue | Villager (Male) |
| 4:00 | Build | Mill |
| 4:04 | Build | Mill |
| 4:17 | Queue | Villager (Male) |
| 4:17 | Queue | Villager (Male) |
| 5:38 | Queue | Villager (Male) |
| 6:16 | Queue | Villager (Male) |
| 6:21 | Research | Loom |
| 6:46 | Research | Feudal Age |
| 6:47 | Research | Feudal Age |
| 7:02 | Build | House |
| 7:08 | Queue | Villager (Male) |
| 7:30 | Build | Palisade Wall |
| 7:33 | Build | House |
| 7:49 | Queue | Villager (Male) |
| 7:53 | Build | Palisade Wall |
| 8:04 | Build | Barracks |
| 8:09 | Queue | Villager (Male) |
| 8:26 | Queue | Villager (Male) |
| 8:56 | Age | Feudal Age |
| 9:01 | Queue | Villager (Male) |
| 9:10 | Build | Archery Range |
| 9:19 | Research | Double-Bit Axe |
| 9:31 | Queue | Villager (Male) |
| 9:56 | Queue | Skirmisher |
| 9:58 | Queue | Archer |
| 9:58 | Queue | Skirmisher |
| 10:22 | Queue | Villager (Male) |
| 10:24 | Build | Mining Camp |
| 10:45 | Build | Palisade Wall |
| 10:52 | Build | Palisade Wall |
| 10:53 | Build | Palisade Wall |
| 10:55 | Build | Palisade Wall |
| 11:00 | Queue | Skirmisher |
| 11:09 | Build | Farm |
| 11:11 | Build | Farm |
| 11:14 | Build | Farm |
| 11:30 | Queue | Skirmisher |
| 11:39 | Queue | Villager (Male) |
| 11:43 | Build | Farm |
| 11:44 | Build | Farm |
| 11:46 | Build | Farm |
| 11:47 | Build | Farm |
| 11:50 | Queue | Villager (Male) |
| 11:57 | Build | Farm |
| 12:19 | Build | House |
| 12:23 | Queue | Archer |
| 12:23 | Queue | Archer |
| 12:25 | Queue | Villager (Male) |
| 12:43 | Queue | Skirmisher |
| 12:51 | Build | Mill |
| 12:51 | Queue | Villager (Male) |
| 12:52 | Queue | Villager (Male) |
| 13:00 | Queue | Archer |
| 13:08 | Queue | Villager (Male) |
| 13:28 | Queue | Archer |
| 13:32 | Build | House |
| 13:35 | Research | Wheelbarrow |
| 13:37 | Build | Farm |
| 13:38 | Build | Farm |
| 13:41 | Queue | Villager (Male) |
| 13:54 | Build | House |
| 13:55 | Build | Palisade Wall |
| 13:56 | Build | Palisade Wall |
| 14:25 | Build | House |
| 14:33 | Queue | Archer |
| 14:43 | Build | Palisade Wall |
| 14:45 | Build | Palisade Wall |
| 14:48 | Build | Palisade Wall |
| 14:54 | Build | Palisade Wall |
| 14:55 | Build | Palisade Wall |
| 15:04 | Queue | Archer |
| 15:06 | Queue | Villager (Male) |
| 15:14 | Build | House |
| 15:17 | Queue | Villager (Male) |
| 15:21 | Build | Palisade Wall |
| 15:22 | Build | Palisade Wall |
| 15:23 | Build | Palisade Wall |
| 15:33 | Queue | Villager (Male) |
| 16:00 | Queue | Villager (Male) |
| 16:19 | Build | Palisade Wall |
| 16:21 | Build | Palisade Wall |
| 16:21 | Build | Palisade Wall |
| 16:25 | Build | Palisade Wall |
| 16:34 | Research | Stone Mining |
| 16:35 | Build | Palisade Wall |
| 16:52 | Queue | Archer |
| 17:04 | Queue | Villager (Male) |
| 17:06 | Build | Blacksmith |
| 17:13 | Queue | Villager (Male) |
| 17:29 | Queue | Villager (Male) |
| 17:50 | Build | Market |
| 17:51 | Build | House |
| 17:59 | Build | Palisade Wall |
| 18:03 | Queue | Villager (Male) |
| 18:19 | Build | Palisade Wall |
| 18:25 | Research | Castle Age |
| 18:25 | Research | Castle Age |
| 18:31 | Build | Archery Range |
| 18:36 | Queue | Villager (Male) |
| 18:53 | Research | Gold Mining |
| 18:59 | Queue | Archer |
| 18:59 | Queue | Archer |
| 19:07 | Queue | Villager (Male) |
| 19:27 | Queue | Villager (Male) |
| 19:32 | Build | Palisade Wall |
| 19:41 | Queue | Archer |
| 19:41 | Queue | Archer |
| 19:55 | Queue | Archer |
| 20:05 | Research | Fletching |
| 20:06 | Queue | Archer |
| 20:06 | Queue | Archer |
| 20:14 | Build | Palisade Wall |
| 20:15 | Build | Palisade Wall |
| 20:16 | Build | Palisade Wall |
| 20:20 | Queue | Archer |
| 20:24 | Queue | Villager (Male) |
| 20:37 | Research | Horse Collar |
| 20:43 | Queue | Archer |
| 20:59 | Build | Palisade Wall |
| 21:01 | Queue | Archer |
| 21:05 | Age | Castle Age |
| 21:19 | Research | Bodkin Arrow |
| 21:51 | Build | Monastery |
| 21:53 | Research | Crossbowman (upgrade) |
| 22:02 | Queue | Villager (Male) |
| 22:13 | Build | House |
| 22:30 | Build | Town Center |
| 22:33 | Queue | Monk |
| 22:45 | Build | Farm |
| 22:47 | Queue | Villager (Male) |
| 22:47 | Queue | Villager (Male) |
| 22:58 | Queue | Villager (Male) |
Build order — Coke
First 150 of 755 actions detected
| 0:00 | Queue | Villager (Male) |
| 0:00 | Queue | Villager (Male) |
| 0:01 | Build | House |
| 0:02 | Build | House |
| 0:05 | Queue | Villager (Male) |
| 0:05 | Queue | Villager (Male) |
| 1:24 | Queue | Villager (Male) |
| 1:48 | Queue | Villager (Male) |
| 2:18 | Queue | Villager (Male) |
| 2:43 | Queue | Villager (Male) |
| 2:45 | Build | Barracks |
| 3:10 | Queue | Villager (Male) |
| 3:16 | Queue | Villager (Male) |
| 3:40 | Build | House |
| 3:54 | Queue | Villager (Male) |
| 4:14 | Queue | Militia |
| 4:35 | Queue | Militia |
| 4:35 | Queue | Villager (Male) |
| 4:53 | Queue | Villager (Male) |
| 5:03 | Queue | Militia |
| 5:13 | Build | Lumber Camp |
| 5:30 | Queue | Villager (Male) |
| 5:33 | Research | Loom |
| 6:05 | Build | House |
| 6:17 | Queue | Villager (Male) |
| 6:39 | Build | House |
| 7:09 | Queue | Villager (Male) |
| 8:00 | Research | Feudal Age |
| 8:30 | Build | Mill |
| 9:19 | Queue | Villager (Male) |
| 9:53 | Build | Mill |
| 10:07 | Queue | Villager (Male) |
| 10:10 | Age | Feudal Age |
| 10:16 | Build | Stable |
| 10:21 | Research | Double-Bit Axe |
| 10:39 | Build | Mill |
| 10:44 | Queue | Villager (Male) |
| 10:54 | Build | Farm |
| 10:54 | Build | Farm |
| 11:01 | Queue | Scout Cavalry |
| 11:04 | Build | House |
| 11:34 | Queue | Villager (Male) |
| 11:52 | Build | Farm |
| 11:52 | Queue | Villager (Male) |
| 11:55 | Build | Farm |
| 11:55 | Build | Farm |
| 11:56 | Queue | Villager (Male) |
| 12:05 | Queue | Villager (Male) |
| 12:20 | Research | Man-at-Arms (upgrade) |
| 12:22 | Build | Farm |
| 12:25 | Build | House |
| 12:43 | Queue | Villager (Male) |
| 12:50 | Build | Farm |
| 12:51 | Queue | Villager (Male) |
| 12:53 | Build | Farm |
| 12:58 | Build | Palisade Wall |
| 13:07 | Queue | Scout Cavalry |
| 13:29 | Build | Farm |
| 13:29 | Queue | Villager (Male) |
| 13:34 | Build | Palisade Wall |
| 13:39 | Queue | Scout Cavalry |
| 13:53 | Build | House |
| 13:58 | Queue | Villager (Male) |
| 14:03 | Build | Farm |
| 14:06 | Build | Farm |
| 14:11 | Queue | Scout Cavalry |
| 14:14 | Build | Farm |
| 14:29 | Queue | Villager (Male) |
| 14:36 | Build | Farm |
| 14:37 | Queue | Villager (Male) |
| 14:56 | Queue | Villager (Male) |
| 15:00 | Build | House |
| 15:04 | Build | Farm |
| 15:04 | Queue | Villager (Male) |
| 15:15 | Build | Palisade Wall |
| 15:29 | Queue | Villager (Male) |
| 15:33 | Build | Archery Range |
| 15:40 | Queue | Villager (Male) |
| 15:54 | Build | Palisade Wall |
| 16:06 | Queue | Villager (Male) |
| 16:09 | Build | Mining Camp |
| 16:11 | Queue | Villager (Male) |
| 16:46 | Build | House |
| 16:47 | Queue | Skirmisher |
| 16:47 | Queue | Villager (Male) |
| 16:51 | Build | House |
| 16:56 | Queue | Skirmisher |
| 17:26 | Build | Blacksmith |
| 17:38 | Queue | Villager (Male) |
| 17:59 | Queue | Skirmisher |
| 18:10 | Build | House |
| 18:29 | Research | Castle Age |
| 18:35 | Build | Palisade Wall |
| 18:36 | Build | Palisade Gate |
| 18:43 | Queue | Skirmisher |
| 18:49 | Build | Farm |
| 18:58 | Research | Padded Archer Armor |
| 19:13 | Research | Fletching |
| 19:20 | Build | Archery Range |
| 19:28 | Queue | Skirmisher |
| 19:57 | Build | Lumber Camp |
| 20:09 | Queue | Skirmisher |
| 20:34 | Research | Horse Collar |
| 20:41 | Queue | Skirmisher |
| 20:50 | Queue | Skirmisher |
| 21:17 | Queue | Skirmisher |
| 21:20 | Age | Castle Age |
| 21:24 | Research | Bodkin Arrow |
| 21:26 | Queue | Villager (Male) |
| 21:35 | Research | Elite Skirmisher (upgrade) |
| 21:35 | Research | Elite Skirmisher (upgrade) |
| 21:52 | Queue | Villager (Male) |
| 21:59 | Research | Bow Saw |
| 22:11 | Queue | Cavalry Archer |
| 22:12 | Queue | Cavalry Archer |
| 22:27 | Queue | Villager (Male) |
| 22:29 | Research | Leather Archer Armor |
| 22:35 | Queue | Villager (Male) |
| 22:43 | Queue | Skirmisher |
| 22:43 | Queue | Villager (Male) |
| 22:48 | Queue | Cavalry Archer |
| 22:55 | Build | Town Center |
| 23:13 | Queue | Cavalry Archer |
| 23:14 | Queue | Cavalry Archer |
| 23:14 | Queue | Villager (Male) |
| 23:28 | Queue | Villager (Male) |
| 23:31 | Build | Farm |
| 23:31 | Build | Farm |
| 23:48 | Build | University |
| 23:49 | Queue | Villager (Male) |
| 23:49 | Queue | Villager (Male) |
| 24:06 | Queue | Cavalry Archer |
| 24:07 | Queue | Cavalry Archer |
| 24:07 | Queue | Cavalry Archer |
| 24:10 | Build | House |
| 24:11 | Build | House |
| 24:11 | Build | House |
| 24:17 | Build | Farm |
| 24:18 | Build | Farm |
| 24:22 | Queue | Villager (Male) |
| 24:34 | Build | Monastery |
| 25:00 | Queue | Cavalry Archer |
| 25:01 | Queue | Cavalry Archer |
| 25:01 | Queue | Cavalry Archer |
| 25:01 | Queue | Villager (Male) |
| 25:20 | Build | Farm |
| 25:53 | Queue | Monk |
| 25:54 | Queue | Cavalry Archer |
| 25:55 | Queue | Villager (Male) |
| 26:04 | Build | Farm |
Match timeline
| 2:45 | Coke · first_building Barracks |
| 7:30 | Archanger · wall_segment Palisade Wall x1 |
| 7:53 | Archanger · wall_segment Palisade Wall x1 |
| 8:04 | Archanger · first_building Barracks |
| 8:56 | Archanger · age_up feudal |
| 9:10 | Archanger · first_building Archery Range |
| 10:10 | Coke · age_up feudal |
| 10:16 | Coke · first_building Stable |
| 10:45 | Archanger · wall_segment Palisade Wall x1 |
| 10:52 | Archanger · wall_segment Palisade Wall x1 |
| 10:53 | Archanger · wall_segment Palisade Wall x1 |
| 10:55 | Archanger · wall_segment Palisade Wall x1 |
| 12:58 | Coke · wall_segment Palisade Wall x4 |
| 13:34 | Coke · wall_segment Palisade Wall x14 |
| 13:55 | Archanger · wall_segment Palisade Wall x1 |
| 13:56 | Archanger · wall_segment Palisade Wall x1 |
| 14:43 | Archanger · wall_segment Palisade Wall x1 |
| 14:45 | Archanger · wall_segment Palisade Wall x1 |
| 14:48 | Archanger · wall_segment Palisade Wall x1 |
| 14:54 | Archanger · wall_segment Palisade Wall x1 |
| 14:55 | Archanger · wall_segment Palisade Wall x1 |
| 15:15 | Coke · wall_segment Palisade Wall x9 |
| 15:21 | Archanger · wall_segment Palisade Wall x1 |
| 15:22 | Archanger · wall_segment Palisade Wall x1 |
| 15:23 | Archanger · wall_segment Palisade Wall x1 |
| 15:33 | Coke · first_building Archery Range |
| 15:54 | Coke · wall_segment Palisade Wall x5 |
| 16:19 | Archanger · wall_segment Palisade Wall x1 |
| 16:21 | Archanger · wall_segment Palisade Wall x1 |
| 16:21 | Archanger · wall_segment Palisade Wall x1 |
| 16:25 | Archanger · wall_segment Palisade Wall x1 |
| 16:35 | Archanger · wall_segment Palisade Wall x1 |
| 17:59 | Archanger · wall_segment Palisade Wall x1 |
| 18:19 | Archanger · wall_segment Palisade Wall x1 |
| 18:35 | Coke · wall_segment Palisade Wall x10 |
| 19:32 | Archanger · wall_segment Palisade Wall x1 |
| 20:14 | Archanger · wall_segment Palisade Wall x1 |
| 20:15 | Archanger · wall_segment Palisade Wall x1 |
| 20:16 | Archanger · wall_segment Palisade Wall x1 |
| 20:59 | Archanger · wall_segment Palisade Wall x1 |
| 21:05 | Archanger · age_up castle |
| 21:20 | Coke · age_up castle |
| 21:51 | Archanger · first_building Monastery |
| 24:34 | Coke · first_building Monastery |
| 25:12 | Archanger · first_market_buy 100 food |
| 26:44 | Coke · first_building Siege Workshop |
| 28:59 | Archanger · first_building Stable |
| 30:38 | Archanger · first_building Siege Workshop |
| 33:33 | Coke · first_market_sell 100 food |
| 33:41 | Coke · first_building Castle |
| 39:23 | Archanger · age_up imperial |
| 39:26 | Coke · age_up imperial |
| 40:23 | Coke · first_market_buy 100 wood |
| 40:52 | Archanger · first_building Castle |
| 48:33 | Archanger · first_market_sell 100 food |
| 62:34 | Coke · resign |
[ AI ANALYSIS · 1 CREDIT ]
What really happened in this match?
Wolo.gg analyzes every decision: build order, eco, micro, common mistakes by bracket. Personalized analysis on WhatsApp or Discord in 30 seconds.
Civ guide
Lithuanians
Perfil
Archanger